 Dungeon Crawl Stone Soup version 0.16.1-7-g2c6721e (webtiles) character file.

81 Hanyuu the Magician (level 4, -2/30 HPs)
             Began as a Human Wizard on Mar 29, 2015.
             Slain by a gnoll
             ... wielding a +0 spear
              (5 damage)
             ... on level 3 of the Dungeon.
             The game lasted 00:09:59 (2210 turns).

Hanyuu the Magician (Human Wizard)                  Turns: 2210, Time: 00:10:00

Health: -2/30      AC:  2    Str:  8    XL:     4   Next: 67%
Magic:  0/9        EV: 11    Int: 19    God:
Gold:   123        SH:  3    Dex: 11    Spells: 2 memorised, 6 levels left

rFire  . . .     SeeInvis .     (no weapon)
rCold  . . .     Clarity  .     a - +0 robe
rNeg   . . .     SustAb   .     j - +0 buckler
rPois  .         Gourm    .     b - +0 hat
rElec  .         Spirit   .     (no cloak)
rCorr  .         Warding  .     (no gloves)
rMut   .         Stasis   .     (no boots)
MR     .....                    (no amulet)
Stlth  ++........               (no ring)
                                (no ring)

@: very slightly contaminated, not resistant to hostile enchantments, unstealthy
A: no striking features
a: no special abilities


You were on level 3 of the Dungeon.
You were not hungry.

You visited 1 branch of the dungeon, and saw 3 of its levels.

You collected 123 gold pieces.

Inventory:

Missiles
 k - a throwing net (quivered)
 r - 16 stones
 s - 8 curare-tipped needles
Armour
 a - a +0 robe (worn)
 b - a +0 hat (worn)
 j - a +0 buckler (worn)
Magical devices
 u - a wand of random effects (18)
Scrolls
 e - a scroll of identify {unknown}
 m - a scroll of immolation {unknown}
 o - a scroll of enchant weapon {unknown}
 p - a scroll of teleportation {unknown}
 q - a scroll of remove curse {unknown}
Potions
 g - a potion of restore abilities {unknown}
 h - a potion of heal wounds {unknown}
 i - a potion of haste {unknown}
 l - a potion of curing {unknown}
 n - a potion of degeneration {unknown}
Books
 c - a book of Minor Magic

   Spells                             Type                      Level
   a - Magic Dart                     Conjuration                  1
   b - Blink                          Translocation                2
   c - Call Imp                       Summoning                    2
   d - Repel Missiles                 Charms/Air                   2
   e - Slow                           Hexes                        2
   f - Conjure Flame                  Conjuration/Fire             3
   g - Mephitic Cloud                 Conjuration/Poison/Air       3
Comestibles
 d - 2 bread rations
 f - 3 fruits


   Skills:
 - Level 2.0 Dodging
 - Level 2.0 Stealth
 + Level 1.1 Shields
 + Level 3.3 Spellcasting
 * Level 3.0 Conjurations
 + Level 1.8 Summonings
   Level 1.0 Translocations


You had 6 spell levels left.
You knew the following spells:

 Your Spells              Type           Power        Failure   Level  Hunger
a - Magic Dart            Conj           ##..         10%         1    None
b - Call Imp              Summ           ##......     17%         2    ##.....


Dungeon Overview and Level Annotations

Branches:
Dungeon (3/15)

Altars:

Annotations:
D:3 Hanyuu's ghost, average OpTm


Message History

Aim: a gnoll You miscast Magic Dart.
Nothing appears to happen.
You block the gnoll's attack.
A gnoll comes into view. It is wielding a spear.
Casting: Magic Dart
Confirm with . or Enter, or press ? or * to list all spells.
Aiming: Magic Dart
Press: ? - help, Shift-Dir - straight line, f/p - gnoll
Aim: a gnoll The magic dart hits the gnoll.
The gnoll is lightly wounded.
The gnoll hits you.
The gnoll hits you from afar with a spear!
Casting: Magic Dart
Confirm with . or Enter, or press ? or * to list all spells.
A beastly little devil appears in a puff of flame.
The gnoll hits you!
* * * LOW HITPOINT WARNING * * *
The gnoll hits you from afar with a spear.
You die...

##.#.##.........#.
##.##
#......#..###.###
#.#
###.####..##.##
### #.#
#.........## #..
#.#######
##########.## #$#
#........ ##.###.#
#######.. ##.#.#
##.# #@# #####g##
#...5g.# #.##...#
#...# #.#.# #.#.#
#.#.# #.....?#


You could see 2 gnolls and a friendly crimson imp.

Vanquished Creatures
  A gnoll (D:3)
  A giant mite (D:2)
  2 giant geckos
  An ooze (D:1)
  An orc (D:3)
  8 bats
  A giant cockroach (D:1)
  3 goblins
  7 hobgoblins
  2 jackals (D:1)
  3 kobolds
  A quokka (D:3)
  5 ball pythons
  A giant newt (D:2)
  5 rats
42 creatures vanquished.

Vanquished Creatures (collateral kills)
  2 adders (D:3)
  An ooze (D:3)
  A kobold (D:3)
4 creatures vanquished.

Grand Total: 46 creatures vanquished

Notes
Turn   | Place    | Note
--------------------------------------------------------------
     0 | D:1      | Hanyuu, the Human Wizard, began the quest for the Orb.
     0 | D:1      | Reached XP level 1. HP: 13/13 MP: 4/4
   376 | D:1      | Reached XP level 2. HP: 16/19 MP: 0/6
  1108 | D:1      | Learned a level 2 spell: Call Imp
  1158 | D:1      | Reached XP level 3. HP: 20/24 MP: 2/8
  1691 | D:3      | Noticed Hanyuu's ghost (average OpTm)
  1747 | D:3      | Reached skill level 1 in Shields
  1747 | D:3      | Reached XP level 4. HP: 18/30 MP: 1/9
  2210 | D:3      | Slain by a gnoll

Action                   |  1- 3 |  4- 6 || total
-------------------------+-------+-------++-------
Melee: Unarmed           |    23 |    26 ||    49
 Cast: Magic Dart        |    78 |    22 ||   100
       Call Imp          |     2 |     3 ||     5
Evoke: Wand              |       |     1 ||     1
  Use: Potion            |       |     1 ||     1
  Eat: Chunk             |     2 |     2 ||     4
